AoeStats
← 用户1623433

Black Forest

510303185Analyzed
4v4 RM · 3d ago on Sep 30, 2026· 55m 26s· 8 players
Game mode
Random Map
Map size
Large (8 player)
Population
200
Speed
Normal
Resources
Standard
Victory
Conquest
Starting age
Dark Age
Ending age
Imperial Age
RankedLock teamsTeams togetherTeam positionsShared explorationLock speedFull tech treeHidden civsTurbo modeCheats
Victory
Defeat
🇨🇳 Danes · China
1200
+14
🇹🇼 Italians · Taiwan
1187
+15
🇨🇱 Portuguese · Chile
1186
+15
🇹🇼 Japanese · Taiwan
1165
+16
🇹🇼 Gurjaras · Taiwan
1202
-17
🇸🇪 Saracens · Sweden
1167
-15
🇨🇳 Turks · China
1148
-14
🇨🇳 Mongols · China
1144
-14
a506b8123il
1:06 Loom
14:29 Feudal Age
22:47 Castle Age
21:05 Double-Bit Axe
22:51 Gold Mining
22:58 Stone Mining
23:56 Gold Mining
31:31 Wheelbarrow
40:17 Wheelbarrow
violet
11:06 Feudal Age
13:32 Loom
13:54 Double-Bit Axe
16:18 Castle Age
15:55 Horse Collar
19:16 Stone Mining
20:33 Bow Saw
23:17 Loom
29:23 Imperial Age
28:07 Padded Archer Armor
27:57 Fletching
29:00 Wheelbarrow
29:25 Leather Archer Armor
29:16 Scale Barding Armor
29:22 Forging
29:44 Capped Ram
32:16 Siege Ram
32:45 Heavy Scorpion
34:58 Conscription
34:41 Nomads
36:41 Bodkin Arrow
36:48 Husbandry
36:09 Light Cavalry
37:29 Bloodlines
37:24 Gold Mining
37:51 Hand Cart
38:58 Thumb Ring
39:18 Parthian Tactics
39:39 Ballistics
42:01 Bracer
42:45 Hoardings
42:56 Siege Engineers
46:05 Hussar
50:52 Chemistry
Hans Solo
10:59 Feudal Age
15:41 Castle Age
14:23 Double-Bit Axe
16:59 Bow Saw
19:00 Gold Mining
27:28 Horse Collar
29:16 Heavy Plow
29:18 Stone Mining
31:51 Wheelbarrow
32:14 Gold Shaft Mining
33:33 Hand Cart
36:18 Forging
39:00 Imperial Age
36:16 Loom
36:17 Town Watch
36:56 Scale Barding Armor
38:12 Iron Casting
38:12 Chain Barding Armor
38:57 Husbandry
39:08 Bloodlines
用户1623433
10:21 Loom
12:51 Feudal Age
18:31 Castle Age
26:01 Imperial Age
24:42 Double-Bit Axe
35:44 Ballistics
傳奇商店
1:10 Loom
1:15 Loom
12:28 Feudal Age
16:36 Castle Age
15:40 Double-Bit Axe
15:51 Horse Collar
22:27 Imperial Age
20:55 Bow Saw
22:08 Gold Mining
22:23 Fletching
22:35 Padded Archer Armor
26:19 Bodkin Arrow
29:40 Bracer
32:03 Elite Genoese Crossbowman
33:56 Wheelbarrow
33:48 Leather Archer Armor
35:57 Conscription
37:37 Chemistry
36:59 Ballistics
37:46 Ring Archer Armor
38:02 Thumb Ring
41:58 Stone Mining
48:20 Hand Cart
50:06 Stone Shaft Mining
53:56 Murder Holes
54:20 Heavy Plow
lxc
1:43 Loom
15:15 Feudal Age
15:52 Fishing Lines
17:59 Double-Bit Axe
26:49 Town Watch
29:19 Castle Age
30:43 Wheelbarrow
29:32 Elite Skirmisher
30:20 Padded Archer Armor
30:11 Fletching
34:30 Gillnets
36:03 Leather Archer Armor
36:36 Horse Collar
37:10 Bodkin Arrow
38:02 Bow Saw
38:39 Hand Cart
38:53 Heavy Plow
40:59 Gold Mining
43:50 Imperial Age
41:20 Arson
41:35 Squires
42:28 Gold Shaft Mining
41:47 Stone Mining
44:06 Scale Mail Armor
44:16 Forging
43:59 Elite Varangian Guard
49:15 Stone Shaft Mining
53:57 Heavy Mounted Crossbowman
53:58 Cranequins
Ponz
10:34 Feudal Age
14:39 Castle Age
14:16 Double-Bit Axe
19:53 Wheelbarrow
21:46 Scale Barding Armor
22:44 Chain Barding Armor
27:11 Horse Collar
30:55 Imperial Age
28:12 Loom
28:58 Forging
29:28 Husbandry
30:03 Gold Mining
30:03 Stone Mining
30:51 Iron Casting
30:28 Bloodlines
31:06 Hand Cart
30:37 Town Watch
31:47 Bow Saw
32:54 Chemistry
31:20 Cavalier
33:14 Plate Barding Armor
33:39 Blast Furnace
33:39 Light Cavalry
35:58 Heavy Plow
38:34 Fletching
40:27 Siege Engineers
40:43 Ballistics
40:48 Treadmill Crane
41:31 Bombard Tower
42:14 Two-Man Saw
41:52 Bodkin Arrow
42:09 Masonry
43:43 Conscription
45:43 Bracer
46:29 Architecture
49:51 Arquebus
51:25 Padded Archer Armor
51:22 Murder Holes
51:16 Elite Organ Gun
52:17 Circumnavigation
NaCl
0:30 Loom
20:41 Feudal Age
22:29 Double-Bit Axe
25:46 Castle Age
23:30 Horse Collar
24:53 Fletching
32:33 Stone Mining
33:21 Ballistics
33:39 Guard Tower
34:25 Bodkin Arrow
34:24 Treadmill Crane
35:41 Wheelbarrow
37:14 Town Watch
38:20 Gold Mining
41:51 Imperial Age
39:58 Yasama
41:55 Forging
42:25 Arrowslits
45:09 Chemistry
44:20 Bracer
52:53 Keep
Connection lost

Rejoining the realm…

Still unreachable

The connection could not be restored.

Session expired

The server has moved on; the page needs a fresh start.